 Dungeon Crawl Stone Soup version 0.20.1-1-g8b1a95d (webtiles) character file.

4018 Lanoc the Cruncher (level 10, 0/63 HPs)
             Began as a Gargoyle Monk on Nov 26, 2017.
             Was a High Priest of Makhleb.
             Slain by a komodo dragon (17 damage)
             ... on level 1 of the Lair of Beasts.
             The game lasted 00:28:44 (5263 turns).

Lanoc the Cruncher (Gargoyle Monk)                  Turns: 5263, Time: 00:28:46

Health: 0/63       AC: 16    Str: 18    XL:     10   Next: 23%
Magic:  10/10      EV: 13    Int: 16    God:    Makhleb [*****.]
Gold:   610        SH:  2    Dex: 12    Spells: 9/9 levels left

rFire    + + .     SeeInvis .   p - +2 quarterstaff (chaos)
rCold    . . .     Gourm    .   (shield currently unavailable)
rNeg     + . .     Faith    .   k - +2 ring mail {rF+}
rPois    ∞         Spirit   .   (no helmet)
rElec    +         Reflect  +   (no cloak)
rCorr    .         Harm     .   C - +0 pair of gloves
MR       .....                  (no boots)
Stlth    ++........             J - +2 amulet of reflection
Regen    0.2/turn               x - ring of protection from fire
MPRegen  0.2/turn               (no ring)

@: brilliant
A: negative energy resistance 1, electricity resistance, unbreathing,
petrification resistance, rot immunity, AC +7
a: Minor Destruction, Lesser Servant of Makhleb, Major Destruction, Greater
Servant of Makhleb, Renounce Religion


You were on level 1 of the Lair of Beasts.
You worshipped Makhleb.
Makhleb was extremely pleased with you.
You were not hungry.

You visited 2 branches of the dungeon, and saw 9 of its levels.
You also visited: Ossuary.

You collected 610 gold pieces.

Inventory:

Hand Weapons
 p - a +2 quarterstaff of chaos (weapon)
 s - a +1 vampiric hand axe
 H - a +0 shortbow
 K - a +5 battleaxe of freezing
 L - a +1 rapier of draining
 M - a +4 hand axe
Missiles
 E - 80 arrows
Armour
 e - +0 ice dragon scales
 k - a +2 ring mail of fire resistance (worn)
 m - a +1 scale mail of poison resistance
 t - a +2 pair of gloves
 C - a +0 pair of gloves (worn)
 G - a +0 large shield
Jewellery
 b - an uncursed amulet of rage
 x - a ring of protection from fire (left hand)
 J - a +2 amulet of reflection (around neck)
 N - an uncursed ring of fire {unknown}
Wands
 u - a wand of paralysis (6/24)
Scrolls
 h - a scroll of noise {unknown}
 i - 3 scrolls of remove curse
 o - 3 scrolls of identify {unknown}
 r - a scroll of amnesia {unknown}
 y - 2 scrolls of enchant armour {unknown}
 B - 2 scrolls of enchant weapon {unknown}
 D - 4 scrolls of teleportation {unknown}
Potions
 f - 2 potions of flight {unknown}
 g - a potion of heal wounds {unknown}
 j - a potion of degeneration {unknown}
 l - 3 potions of curing {unknown}
 n - 3 potions of might {unknown}
 q - a potion of lignification {unknown}
 w - a potion of berserk rage {unknown}
 z - 2 potions of haste {unknown}
 I - a potion of mutation {unknown}
Books
 A - a book of Callings

   Spells                             Type                      Level
   a - Summon Small Mammal            Summoning                    1
   b - Call Imp                       Summoning                    2
   c - Call Canine Familiar           Summoning                    3
   d - Summon Guardian Golem          Hexes/Summoning              3
   e - Summon Lightning Spire         Summoning/Air                4
   f - Summon Ice Beast               Ice/Summoning                4
Comestibles
 a - 4 meat rations
 c - 7 bread rations
 v - a fruit
 F - a royal jelly
 O - 14 chunks of flesh


   Skills:
 + Level 7.3 Fighting
   Level 4.6(8.0) Maces & Flails
 + Level 10.0(10.4) Staves
 + Level 5.8 Armour
 + Level 4.5 Dodging
 + Level 3.4 Stealth
 + Level 1.4 Shields


You had 9 spell levels left.
You didn't know any spells.

Dungeon Overview and Level Annotations

Branches:
Dungeon (8/15)             Temple (0/1) D:7            Lair (1/6) D:8

Altars:
Cheibriados
Kikubaaqudgha
Makhleb
Vehumet

Shops:
D:8 *

Annotations:
D:8 baljet's ghost, novice MfIE


Innate Abilities, Weirdness & Mutations

You are resistant to torment.
Your stone body is resilient. (AC +7)
You are immune to poison.
You resist negative energy. (rN+)
You are resistant to electric shocks. (rElec)
You can survive without breathing.
You are immune to petrification.
You are immune to rotting.


Message History

You block the komodo dragon's attack.
You miss the blink frog.
The blink frog is moderately wounded.
The blink frog blinks! x2; The blink frog barely misses you.
The komodo dragon bites you!!
The blink frog blinks!
The komodo dragon bites you!!
The blink frog blinks!
The blink frog hits you.
The blink frog hits you but does no damage.
The blink frog blinks!
The blink frog closely misses you.
The blink frog blinks! x3
The blink frog hits you.
* * * LOW HITPOINT WARNING * * *
The blink frog blinks!
It was a potion of brilliance.
You feel clever all of a sudden. The blink frog hits you.
* * * LOW HITPOINT WARNING * * *
The blink frog blinks!
The blink frog completely misses you. The komodo dragon bites you!
You die...

#......P
#...?..#
#$.....#
+..§...#
#....<.#
#...F..#
#..F§..#
#§l?...#
#@F/..!#
#.§..)..#
##F.....+
#......#
###.##.#
### ##


You could see a komodo dragon and 4 blink frogs.

Vanquished Creatures
  3 porcupines (D:8)
  An orc warrior (D:7)
  An ice beast (D:4)
  4 black bears
  2 phantoms
  4 ogres
  4 centaurs
  A big kobold (D:8)
  An elf zombie (Ossuary)
  Blork the orc (D:4)
  5 bullfrogs
  A wyvern zombie (D:7)
  2 scorpions
  5 killer bees (D:7)
  3 wights (D:7)
  A howler monkey (D:6)
  4 crimson imps
  Crazy Yiuf (D:2)
  2 bullfrog zombies
  3 hounds
  A jelly (D:6)
  8 orc wizards
  2 centaur zombies
  A gnoll shaman (D:7)
  An orc priest (D:7)
  A bullfrog skeleton (D:7)
  Terence (D:2)
  Jessica (D:2)
  An iguana (D:7)
  5 worker ants
  4 big kobold zombies (Ossuary)
  3 mummies
  6 gnolls (D:7)
  8 adders
  A howler monkey skeleton (D:7)
  2 shadow imps
  An ooze (D:1)
  An adder skeleton (D:6)
  An adder zombie (D:7)
  3 worms
  4 leopard geckos
  18 orcs
  3 giant cockroaches
  A gnoll zombie (Ossuary)
  7 goblins
  2 hobgoblins
  11 jackals
  6 bats
  3 frilled lizards
  3 goblin zombies (Ossuary)
  A hobgoblin zombie (Ossuary)
  10 kobolds
  A kobold zombie (D:5)
  A leopard gecko skeleton (D:4)
  4 orc zombies
  A quokka skeleton (D:5)
  5 rats
182 creatures vanquished.

Vanquished Creatures (others)
  A gnoll (D:7)
  7 fungi (D:8)
8 creatures vanquished.

Grand Total: 190 creatures vanquished

Notes
Turn   | Place    | Note
-------+----------+-------------------------------------------
     0 | D:1      | Lanoc the Gargoyle Monk began the quest for the Orb.
     0 | D:1      | Reached XP level 1. HP: 14/14 MP: 1/1
    44 | D:1      | Reached XP level 2. HP: 13/19 MP: 2/2
   442 | D:2      | Found a burning altar of Makhleb.
   457 | D:2      | Became a worshipper of Makhleb the Destroyer
   457 | D:2      | Reached * piety under Makhleb
   457 | D:2      | Reached ** piety under Makhleb
   533 | D:2      | Reached XP level 3. HP: 23/24 MP: 3/3
   690 | D:2      | Noticed Terence
   704 | D:2      | Killed Terence
   704 | D:2      | Reached skill level 1 in Armour
   704 | D:2      | Reached XP level 4. HP: 15/29 MP: 4/4
   792 | D:2      | Noticed Jessica
   799 | D:2      | Killed Jessica
  1010 | D:2      | Found a runed door.
  1014 | D:2      | Noticed Crazy Yiuf
  1024 | D:2      | Killed Crazy Yiuf
  1024 | D:2      | Reached XP level 5. HP: 31/33 MP: 5/5
  1727 | D:4      | Noticed Blork the orc
  1736 | D:4      | Killed Blork the orc
  1736 | D:4      | Reached skill level 2 in Staves
  1736 | D:4      | Reached XP level 6. HP: 38/38 MP: 6/6
  1752 | D:4      | Noticed a phantom
  1758 | D:4      | Killed a phantom
  1758 | D:4      | Reached skill level 3 in Staves
  1766 | D:4      | Noticed an ice beast
  1778 | D:4      | Killed an ice beast
  1809 | D:4      | Reached XP level 7. HP: 38/43 MP: 7/7
  1951 | D:4      | Reached *** piety under Makhleb
  2050 | D:4      | Reached skill level 4 in Staves
  2172 | D:5      | Entered Level 5 of the Dungeon
  2440 | D:5      | Found a sand-covered staircase.
  2483 | Ossuary  | Entered an ossuary
  2500 | Ossuary  | Reached skill level 5 in Staves
  2570 | Ossuary  | Reached XP level 8. HP: 47/48 MP: 8/8
  2884 | D:5      | Reached skill level 5 in Fighting
  2884 | D:5      | Reached skill level 6 in Staves
  3134 | D:6      | Found a snail-covered altar of Cheibriados.
  3149 | D:6      | Reached **** piety under Makhleb
  3271 | D:6      | Found a burning altar of Makhleb.
  3271 | D:6      | Noticed a balrug
  3275 | D:6      | Noticed a smoke demon
  3336 | D:6      | Reached skill level 7 in Staves
  3704 | D:6      | Found an ancient bone altar of Kikubaaqudgha.
  3704 | D:6      | Found a radiant altar of Vehumet.
  3726 | D:6      | Reached XP level 9. HP: 52/55 MP: 9/9
  3770 | D:6      | Reached skill level 8 in Staves
  4150 | D:7      | Found a staircase to the Ecumenical Temple.
  4684 | D:7      | Reached skill level 5 in Armour
  4692 | D:7      | Reached skill level 9 in Staves
  4719 | D:7      | Reached ***** piety under Makhleb
  4940 | D:8      | Noticed baljet's ghost (novice MfIE)
  5012 | D:8      | Found Guqaanon's Assorted Antiques.
  5092 | D:8      | Reached XP level 10. HP: 60/63 MP: 10/10
  5097 | D:8      | Reached skill level 1 in Shields
  5141 | D:8      | Found a staircase to the Lair.
  5198 | D:8      | Reached skill level 10 in Staves
  5254 | Lair:1   | Entered Level 1 of the Lair of Beasts
  5263 | Lair:1   | Slain by a komodo dragon

Skill      XL: |  1  2  3  4  5  6  7  8  9 10 |
---------------+-------------------------------+-----
Armour         | 1 2 3 4 5 |  5.8
Maces & Flails | 4 |  4.6
Fighting       | 4 5 7 |  7.3
Staves         | 2 3 5 7 9 10 | 10.0
Dodging        | 3 4 |  4.5
Stealth        | 3 |  3.4
Shields        | 1 |  1.4

Action                   |  1- 3 |  4- 6 |  7- 9 | 10-12 || total
-------------------------+-------+-------+-------+-------++-------
Melee: Mace              |    96 |     7 |       |       ||   103
       Flail             |       |    19 |       |       ||    19
       Quarterstaff      |       |    67 |   519 |    51 ||   637
  Use: Scroll            |       |       |     2 |     1 ||     3
       Potion            |       |       |       |     1 ||     1
 Stab: Sleeping          |     1 |       |       |       ||     1
       Petrifying        |       |     1 |       |       ||     1
       Paralysed         |       |       |     2 |       ||     2
       Confused          |       |       |     1 |       ||     1
       Petrified         |       |       |     1 |       ||     1
  Eat: Chunk             |       |     3 |    11 |       ||    14
       Fruit             |       |       |     1 |       ||     1
Armor: Robe              |     6 |       |       |       ||     6
       Ice dragon scales |    57 |    51 |   272 |       ||   380
       Ring mail         |       |       |    60 |    18 ||    78
Dodge: Dodged            |    61 |    63 |   295 |    28 ||   447
Block: Other             |       |       |    21 |     1 ||    22
